 Dungeon Crawl Stone Soup version 0.26.0-18-gc5c842f807 (webtiles) character file.

Game seed: 366810969296299745

63 thiole the Sneak (level 4, 0/27 HPs)
             Began as an Octopode Hedge Wizard on Jan 23, 2021.
             Slain by an orc wizard
             ... wielding a +0 dagger
              (3 damage)
             ... on level 3 of the Dungeon.
             The game lasted 00:02:59 (1442 turns).

thiole the Sneak (Octopode Hedge Wizard)            Turns: 1442, Time: 00:02:59

Health: 0/27       AC:  1    Str:  9    XL:     4   Next: 10%
Magic:  4/9        EV: 13    Int: 17    God:
Gold:   173        SH:  0    Dex: 11    Spells: 1/9 levels left

rFire    . . .     SeeInvis .   a - +0 dagger
rCold    . . .     Faith    .   (no shield)
rNeg     . . .     Spirit   .   b - +0 hat
rPois    .         Reflect  .   (no amulet)
rElec    .         Harm     .   (no ring)
rCorr    .         Rampage  .   (no ring)
Will     .....                  (no ring)
Stlth    +++.......             (no ring)
HPRegen  0.09/turn              (no ring)
MPRegen  0.11/turn              (no ring)
                                (no ring)
                                (no ring)

@: no status effects
A: almost no armour, stealthy swim, amphibious, 8 rings, constrict 8, camouflage
1, gelatinous body 1
a: no special abilities


You were on level 3 of the Dungeon.
You visited 1 branch of the dungeon, and saw 3 of its levels.

You collected 173 gold pieces.

Inventory:

Hand Weapons
 a - a +0 dagger (weapon)
Armour
 b - a +0 hat (worn)
 l - a +0 buckler
Jewellery
 k - a +6 ring of dexterity {unknown}
 n - an uncursed ring of protection from cold {unknown}
Scrolls
 c - 5 scrolls of identify {unknown}
 d - a scroll of remove curse {unknown}
 e - a scroll of fog {unknown}
 h - 3 scrolls of blinking {unknown}
 i - a scroll of teleportation {unknown}
 o - a scroll of enchant armour {unknown}
Potions
 f - a potion of haste {unknown}
 g - a potion of might {unknown}
 j - a potion of curing {unknown}
 m - a potion of magic {unknown}


   Skills:
 - Level 2.0 Dodging
 + Level 3.6 Stealth
 + Level 3.3 Spellcasting
 - Level 2.0 Conjurations
 - Level 2.0 Summonings
 - Level 1.0 Translocations
 + Level 0.8 Air Magic


You had one spell level left.
You knew the following spells:

 Your Spells              Type           Power        Failure   Level
a - Magic Dart            Conj           36%          8%          1
b - Call Imp              Summ           9%           11%         2
c - Slow                  Hex            2%           26%         2
d - Mephitic Cloud        Conj/Pois/Air  6%           34%         3

Your spell library contained the following spells:

 Spells                   Type           Power        Failure   Level
 Blink                    Tloc           N/A          17%         2
 Conjure Flame            Conj/Fire      6%           32%         3


Dungeon Overview and Level Annotations

Branches:
Dungeon (3/15)

Altars:


Innate Abilities, Weirdness & Mutations

You cannot wear most types of armour.
You are very stealthy in the water. (Stealth+)
You are amphibious.
You can wear up to eight rings at the same time.
You can use your tentacles to constrict eight enemies at once.
Your skin changes colour to match your surroundings (Stealth+).
Your rubbery body absorbs attacks. (AC +1, EV +1)


Message History

You miss something.
You hear some strange, mumbled words.
A magic dart appears from out of thin air!
The magic dart hits you!
Hit: a) +0 dagger
Press: ? - help, Dir - move target You miss something.
Something hits your crimson imp but does no damage.
Something completely misses your crimson imp.
Hit: a) +0 dagger
Press: ? - help, Dir - move target You hit something but do no damage.
Your squeeze misses something. Something hits you.
* * * LOW HITPOINT WARNING * * *
Hit: a) +0 dagger
Press: ? - help, Dir - move target You hit something but do no damage.
Something hits you.
* * * LOW HITPOINT WARNING * * *
Something hits you.
You die...

.# ..# #.. ....#
##########.#.##
.......?.....>.
......)......#
#####{###..###
#....5@.......
#.#........###
#.#.##.#.... #.#....#.###
#..# #.#....#.# #...
#.#.##.#.# ########## ...#
#......#.###........# #...
###.###.............#
#........................#


You could see a friendly crimson imp (summoned).

Vanquished Creatures
  An adder (D:2)
  An ooze (D:1)
  2 leopard geckos
  3 orcs (D:3)
  A ball python (D:1)
  3 bats
  6 goblins
  4 hobgoblins (D:1)
  2 jackals (D:2)
  2 frilled lizards
  3 kobolds
  12 rats
40 creatures vanquished.

Vanquished Creatures (collateral kills)
  An adder (D:2)
1 creature vanquished.

Grand Total: 41 creatures vanquished

Notes
Turn   | Place    | Note
-------+----------+-------------------------------------------
     0 | D:1      | thiole the Octopode Hedge Wizard began the quest for the
                  | Orb.
     0 | D:1      | Reached XP level 1. HP: 11/11 MP: 4/4
   230 | D:1      | Reached XP level 2. HP: 17/17 MP: 4/6
   520 | D:1      | Reached XP level 3. HP: 21/21 MP: 1/7
   922 | D:1      | Learned a level 2 spell: Call Imp
   925 | D:1      | Learned a level 2 spell: Slow
   929 | D:1      | Learned a level 3 spell: Mephitic Cloud
  1322 | D:2      | Reached XP level 4. HP: 27/27 MP: 6/9
  1442 | D:3      | Slain by an orc wizard

Illustrated notes

Levels and vault maps discovered:
D:1:      sevenhm_arrival_forest_fort_small_5, layout_rooms, serial_forest,
          infiniplex_forest_straight_4, infiniplex_forest_clump_C,
          infiniplex_forest_corner_2, infiniplex_forest_straight_3,
          infiniplex_forest_clump_double, infiniplex_forest_clump_tiny,
          infiniplex_forest_lined_4_way, infiniplex_forest_straight_4,
          minmay_rat_gold_closets
D:2:      layout_basic, zin_treasury
D:3:      layout_basic, minmay_rat_hole

Skill      XL: |  1  2  3 |
---------------+----------+-----
Stealth        | 3 |  3.6
Conjurations   | 2 |  2.0
Summonings     | 2 |  2.0
Dodging        | |  2.0
Spellcasting   | |  3.3
Translocations | |  1.0
Air Magic      | |  0.8

Action                   |  1- 3 |  4- 6 || total
-------------------------+-------+-------++-------
Melee: Dagger            |    26 |     8 ||    34
       Constrict         |     7 |     2 ||     9
       Tentacles         |     5 |     1 ||     6
 Cast: Magic Dart        |    62 |     4 ||    66
       Call Imp          |     1 |     1 ||     2
 Stab: Sleeping          |       |     1 ||     1
Armor: Skin              |     2 |       ||     2
Dodge: Dodged            |    12 |     1 ||    13
